 Dungeon Crawl Stone Soup version 0.22-a0-91-g23542c2 (webtiles) character file.

12881 KristoblXynda the Martial Artist (level 11, -7/91 HPs)
             Began as a Black Draconian Monk on Jan 22, 2018.
             Was an Elder of Nemelex Xobeh.
             Mangled by a cyclops (16 damage)
             ... on level 11 of the Dungeon.
             The game lasted 00:30:54 (14269 turns).

KristoblXynda the Martial Artist (DrMo)            Turns: 14269, Time: 00:30:55

Health: -7/91      AC:  7    Str: 14    XL:     11   Next: 68%
Magic:  17/17      EV: 18    Int: 12    God:    Nemelex Xobeh [****..]
Gold:   240        SH:  6    Dex: 15    Spells: 8/10 levels left

rFire    + . .     SeeInvis .     - Unarmed
rCold    . . .     Gourm    .   r - +1 buckler
rNeg     . . .     Faith    .   (armour unavailable)
rPois    .         Spirit   .   (helmet restricted)
rElec    +         Reflect  .   (no cloak)
rCorr    +         Harm     .   (no gloves)
MR       .....                  (no boots)
Stlth    ++........             i - amulet of regeneration
HPRegen  0.65/turn              u - ring of resist corrosion
MPRegen  0.15/turn              A - ring of protection from fire

@: no status effects
A: breathe lightning, unfitting armour, electricity resistance, cold-blooded, AC
+7
a: Breathe Lightning, Triple Draw, Deal Four, Renounce Religion


You were on level 11 of the Dungeon.
You worshipped Nemelex Xobeh.
Nemelex Xobeh was greatly pleased with you.
You were not hungry.

You visited 3 branches of the dungeon, and saw 13 of its levels.

You collected 720 gold pieces.
You spent 480 gold pieces at shops.

Inventory:

Missiles
 o - a throwing net (quivered)
 p - 8 javelins
Armour
 r - a +1 buckler (worn)
Jewellery
 i - an amulet of regeneration (around neck)
 q - an uncursed ring of protection from cold
 u - a ring of resist corrosion (left hand)
 y - an uncursed amulet of guardian spirit
 z - a cursed amulet of inaccuracy {unknown}
 A - a ring of protection from fire (right hand)
Wands
 I - a wand of clouds (1)
 N - a wand of digging (11)
Scrolls
 b - 2 scrolls of magic mapping
 g - a scroll of amnesia
 h - a scroll of remove curse
 k - 4 scrolls of teleportation
 B - 2 scrolls of enchant armour
 G - a scroll of immolation
 J - a scroll of vulnerability
Potions
 c - 2 potions of flight
 e - 5 potions of curing
 l - a potion of ambrosia
 m - a potion of haste
 n - a potion of degeneration {unknown}
 t - a potion of mutation
 w - 2 potions of brilliance
Books
 j - a book of Ice

   Spells                             Type                      Level
   a - Ice Form                       Ice/Transmutation            4
   b - Metabolic Englaciation         Hexes/Ice                    5
   c - Ozocubu's Refrigeration        Ice                          6
   d - Bolt of Cold                   Conjuration/Ice              6
   e - Freezing Cloud                 Conjuration/Ice/Air          6
   f - Simulacrum                     Ice/Necromancy               6
Miscellaneous
 d - a plain deck of destruction
 v - a plain deck of destruction {drawn: 6}
 x - a plain deck of summoning {drawn: 3}
 F - a plain deck of summoning
 L - a lightning rod (4/4)
Comestibles
 a - 11 rations


   Skills:
 + Level 6.9 Fighting
 + Level 9.4 Dodging
 - Level 1.7 Stealth
 - Level 4.0 Shields
 - Level 10.0 Unarmed Combat
 - Level 5.0 Air Magic
 + Level 8.4 Invocations
 + Level 6.7 Evocations


You had 8 spell levels left.
You knew the following spells:

 Your Spells              Type           Power        Failure   Level  Hunger
a - Swiftness             Chrm/Air       #.......     19%         2    ###....


Dungeon Overview and Level Annotations

Branches:
Dungeon (11/15)            Temple (1/1) D:6            Lair (1/6) D:9
    Orc (0/2) D:10

Altars:
Ashenzari
Cheibriados
Dithmenos
Elyvilon
Fedhas
Gozag
Hepliaklqana
Kikubaaqudgha
Makhleb
Nemelex Xobeh
Okawaru
Qazlal
Ru
Sif Muna
Trog
Uskayaw
Vehumet
Wu Jian
Xom
Yredelemnul
Zin
The Shining One

Shops:
D:9 }**

Annotations:
D:9 1 transporter


Innate Abilities, Weirdness & Mutations

You can breathe wild blasts of lightning.
Your glossy black scales are hard. (AC +7)
You cannot fit into any form of body armour.
You are resistant to electric shocks. (rElec)
You are cold-blooded and may be slowed by cold attacks.


Message History

The cyclops hits you!!
* * * LOW HITPOINT WARNING * * *
Evoke which item? (* to show all) (? for menu, Esc to quit)
Okay, then.
Quivering
o - 3 throwing nets for throwing.
Throwing (i - inventory. (,) - cycle):
o - 3 throwing nets (quivered)
Press: ? - help, Shift-Dir - straight line, f - cyclops
Aim: a cyclops (lightly wounded, immune to nets)
You throw a throwing net. The throwing net hits the cyclops.
The cyclops is too large for the net to hold!
The cyclops is lightly wounded.
Throwing (i - inventory. (,) - cycle):
o - 2 throwing nets (quivered)
Press: ? - help, Shift-Dir - straight line, f/p - cyclops
Aim: a cyclops (lightly wounded, immune to nets)
You throw a throwing net. The throwing net hits the cyclops.
The cyclops is too large for the net to hold!
The cyclops is lightly wounded.
The cyclops hits you!
You die...
Your body glows slightly and disappears.

...............##.#
#.................#
#................##
#.................##
............###..(.##
...........## ##(...##
...........# #.....##
...........# ##......##
....###..... #.@......#
...#####........C.......##
...#####)................##
...#####..................##
....###....................##
............................##
..........................†..##
..............................##
.............. ..............##


You could see a cyclops.

Vanquished Creatures
  4 two-headed ogres
  An ugly thing (D:11)
  The ghost of Leszczynek the Grappler, a novice TrSk of Makhleb (D:6)
  Joseph (D:8)
  A rime drake (Lair:1)
  2 hippogriffs (D:10)
  The ghost of anet the Magician, an amateur DEWz (D:4)
  2 shadows
  A wyvern (D:8)
  5 yaks
  2 hungry ghosts
  2 humans
  2 wargs (D:9)
  An acid dragon (D:7)
  A water moccasin (D:6)
  3 ice beasts
  3 phantoms
  3 orc warriors
  3 eyes of draining
  A black bear (D:9)
  7 ogres
  7 centaurs
  A crocodile (D:9)
  2 big kobolds
  3 bullfrogs
  A wyvern zombie (D:11)
  5 scorpions
  8 killer bees
  4 wights (D:8)
  A howler monkey (D:8)
  4 crimson imps
  2 quasits
  A jelly (D:6)
  4 hounds
  4 bullfrog skeletons
  10 orc priests
  9 orc wizards
  A centaur skeleton (D:8)
  Jessica (D:2)
  2 iguanas
  7 worker ants
  A hound zombie (D:9)
  3 hound skeletons
  A howler monkey skeleton (D:8)
  A howler monkey zombie (D:6)
  4 gnolls
  10 adders
  2 shadow imps
  2 oozes
  2 adder zombies
  2 worms (D:2)
  3 dart slugs
  2 leopard geckos
  31 orcs
  A ball python (D:2)
  A giant cockroach (D:1)
  7 goblins
  9 hobgoblins
  13 jackals
  4 quokkas
  4 bats
  5 frilled lizards
  19 kobolds
  A leopard gecko zombie (D:6)
  A quokka skeleton (D:5)
  4 rats
  A fungus (Lair:1)
258 creatures vanquished.

Vanquished Creatures (collateral kills)
  A hydra (D:11)
  A two-headed ogre (D:10)
  4 yaks (D:11)
  A vampire (D:11)
  A killer bee (D:11)
  A worker ant (D:11)
9 creatures vanquished.

Grand Total: 267 creatures vanquished

Notes
Turn   | Place    | Note
-------+----------+-------------------------------------------
     0 | D:1      | KristoblXynda the Draconian Monk began the quest for the Orb.
     0 | D:1      | Reached XP level 1. HP: 19/19 MP: 1/1
   275 | D:1      | Reached XP level 2. HP: 26/26 MP: 2/2
   783 | D:1      | Reached XP level 3. HP: 26/31 MP: 3/3
   989 | D:2      | Reached skill level 4 in Unarmed Combat
  1610 | D:2      | Noticed Jessica
  1616 | D:2      | Killed Jessica
  1616 | D:2      | Reached XP level 4. HP: 14/38 MP: 4/4
  2287 | D:2      | Reached skill level 5 in Unarmed Combat
  2287 | D:2      | Reached XP level 5. HP: 13/45 MP: 5/5
  2806 | D:3      | Found a shattered altar of Ashenzari.
  3086 | D:3      | Found a stormy altar of Qazlal.
  3671 | D:4      | Reached XP level 6. HP: 25/52 MP: 6/6
  3713 | D:4      | Noticed anet's ghost (amateur DEWz)
  4055 | D:4      | Found a hide-covered altar of Uskayaw.
  4346 | D:4      | Reached skill level 6 in Unarmed Combat
  4640 | D:4      | Found a bloodstained altar of Trog.
  5005 | D:4      | Killed anet's ghost
  5005 | D:4      | Your scales start taking on a glossy black colour.
  5005 | D:4      | Reached XP level 7. HP: 6/60 MP: 7/7
  5005 | D:4      | Gained mutation: You are resistant to electric shocks. (rElec) [Black Draconian growth]
  5486 | D:5      | Entered Level 5 of the Dungeon
  5606 | D:5      | Reached skill level 5 in Fighting
  5606 | D:5      | Reached skill level 7 in Unarmed Combat
  5805 | D:5      | Reached skill level 5 in Dodging
  5923 | D:5      | Reached skill level 1 in Shields
  5997 | D:5      | Reached XP level 8. HP: 60/68 MP: 8/8
  6369 | D:6      | Reached skill level 8 in Unarmed Combat
  6626 | D:6      | Noticed Leszczynek's ghost (novice TrSk)
  6658 | D:6      | Killed Leszczynek's ghost
  6658 | D:6      | Reached skill level 9 in Unarmed Combat
  6762 | D:6      | Found a staircase to the Ecumenical Temple.
  6782 | Temple   | Entered the Ecumenical Temple
  7073 | Temple   | Became a worshipper of Nemelex Xobeh the Trickster
  7073 | Temple   | Received a gift from Nemelex Xobeh
  7073 | Temple   | Received a gift from Nemelex Xobeh
  7073 | Temple   | Reached * piety under Nemelex Xobeh
  7073 | Temple   | Received a gift from Nemelex Xobeh
  7073 | Temple   | Reached ** piety under Nemelex Xobeh
  7360 | D:7      | Learned a level 2 spell: Swiftness
  7519 | D:7      | Found a radiant altar of Vehumet.
  7607 | D:7      | Reached XP level 9. HP: 62/74 MP: 7/9
  7722 | D:7      | Received a gift from Nemelex Xobeh
  7736 | D:7      | Reached skill level 1 in Invocations
  8537 | D:8      | Noticed a two-headed ogre
  8545 | D:8      | Killed a two-headed ogre
  8545 | D:8      | Reached skill level 10 in Unarmed Combat
  8922 | D:8      | Found a shadowy altar of Dithmenos.
  9028 | D:8      | Reached XP level 10. HP: 74/81 MP: 11/13
  9031 | D:8      | Reached skill level 1 in Air Magic
  9451 | D:8      | Reached skill level 5 in Invocations
  9601 | D:8      | Noticed Joseph
  9637 | D:8      | Killed Joseph
  9893 | D:8      | Noticed a two-headed ogre
  9925 | D:8      | Killed a two-headed ogre
 10149 | D:9      | Reached *** piety under Nemelex Xobeh
 10166 | D:9      | Received a gift from Nemelex Xobeh
 10658 | D:9      | Found a staircase to the Lair.
 10688 | D:9      | Found Roikua's Gadget Shop.
 10701 | D:9      | Bought a lightning rod (4/4) for 480 gold pieces
 10741 | D:9      | Found a deep blue altar of Sif Muna.
 10743 | D:9      | Found a shimmering altar of Xom.
 10746 | D:9      | Found an iron altar of Okawaru.
 10748 | D:9      | Found a burning altar of Makhleb.
 10749 | D:9      | Found a white marble altar of Elyvilon.
 10749 | D:9      | Found a sacrificial altar of Ru.
 10750 | D:9      | Found an ancient bone altar of Kikubaaqudgha.
 10801 | D:9      | Received a gift from Nemelex Xobeh
 10808 | D:9      | Found Lidden's Assorted Antiques.
 10838 | D:9      | Noticed a two-headed ogre
 10850 | D:9      | Killed a two-headed ogre
 10850 | D:9      | Reached skill level 5 in Air Magic
 10918 | D:9      | Reached skill level 5 in Evocations
 10930 | D:9      | Found a transporter.
 11096 | D:9      | Found Ycruachi's Assorted Antiques.
 11335 | D:9      | Received a gift from Nemelex Xobeh
 11388 | D:9      | Reached XP level 11. HP: 86/86 MP: 16/16
 11551 | Lair:1   | Entered Level 1 of the Lair of Beasts
 11811 | D:10     | Entered Level 10 of the Dungeon
 11870 | D:10     | Found a staircase to the Orcish Mines.
 11926 | D:10     | Reached **** piety under Nemelex Xobeh
 12036 | D:10     | Noticed a two-headed ogre
 12042 | D:10     | Killed a two-headed ogre
 12402 | D:10     | Found a shattered altar of Ashenzari.
 13030 | D:10     | Noticed a two-headed ogre
 13040 | D:10     | Killed a two-headed ogre
 13223 | D:10     | Received a gift from Nemelex Xobeh
 13350 | D:11     | Noticed a purple ugly thing
 13383 | D:11     | Noticed an eight-headed hydra
 13395 | D:11     | Killed an eight-headed hydra
 13845 | D:11     | Killed a purple ugly thing
 14240 | D:11     | Found a shimmering altar of Xom.
 14269 | D:11     | Mangled by a cyclops

Vault maps used:
D:1:      dpeg_arrival_chambers_temple_mockup
D:2:      minmay_door_path, kennysheep_jessica_study
D:3:      lemuel_crystal_altar, overflow_temple_1_default
D:4:      eat_drink_and_be_merry_uskayaw, first_ration, trog_hazing_becter
D:6:      temple_statues
D:7:      minmay_the_grid_triangle_9x9_rhombus_full,
          nicolae_overflow_hidden_temple
D:8:      grunt_dithmenos_smoke_and_mirrors, uniq_joseph
D:9:      gammafunk_the_bubble, minitemple, erik_lair_orcish_takeover,
          serial_shops, shop, kennysheep_mini_moat, nicolae_shop_waterfront
D:10:     nicolae_whirlpool, basic_altar
D:11:     basic_altar, grunt_livestock
Temple:   dpeg_chambers_temple
Lair:1:   wad_woods_minihive

Skill      XL: |  1  2  3  4  5  6  7  8  9 10 11 |
---------------+----------------------------------+-----
Dodging        | 3 4 5 6 7 8 9 |  9.4
Unarmed Combat | 4 5 6 7 9 10 | 10.0
Fighting       | 4 5 6 |  6.9
Shields        | 1 3 4 |  4.0
Invocations    | 4 7 8 |  8.4
Evocations     | 2 5 6 |  6.7
Air Magic      | 5 |  5.0
Stealth        | |  1.7

Action                   |  1- 3 |  4- 6 |  7- 9 | 10-12 || total
-------------------------+-------+-------+-------+-------++-------
Melee: Unarmed           |   153 |   248 |   329 |   520 ||  1250
       Tailslap          |    28 |    33 |    55 |    74 ||   190
       Punch             |     1 |     2 |       |       ||     3
Throw: Javelin           |       |       |     1 |    16 ||    17
       Throwing net      |       |       |     1 |     4 ||     5
 Abil: Breathe Lightning |       |       |     2 |     6 ||     8
Evoke: Wand              |       |     5 |     1 |     1 ||     7
       Deck              |       |       |     2 |    12 ||    14
  Use: Scroll            |       |     4 |     8 |    16 ||    28
       Potion            |       |       |     3 |     8 ||    11
 Stab: Sleeping          |     4 |     3 |     5 |     3 ||    15
       Distracted        |       |       |     1 |     1 ||     2
  Eat: Chunk             |     2 |     8 |     2 |    11 ||    23
       Ration            |       |     1 |     3 |     3 ||     7
Armor: Skin              |    22 |    65 |    60 |   120 ||   267
Dodge: Dodged            |    90 |   156 |   217 |   392 ||   855
Block: Buckler           |       |       |    66 |   138 ||   204

Table legend:
 A = Spawn XP
 B = Non-spawn XP
 C = Spawn XP percentage of total XP
 D = Spawn monster count
 E = Non-spawn monster count
 F = Spawn count percentage of total count
 G = Total turns spent on level
                    A         B        C        D         E        F      G
               +---------+---------+-------+---------+---------+-------+---------
         Total |       0 |   18402 |   0.0 |       0 |     266 |   0.0 | 14269
               +---------+---------+-------+---------+---------+-------+---------
           D:1 |       0 |      47 |   0.0 |       0 |      22 |   0.0 |   907
           D:2 |       0 |     164 |   0.0 |       0 |      23 |   0.0 |  1636
           D:3 |       0 |      86 |   0.0 |       0 |      10 |   0.0 |   886
           D:4 |       0 |     636 |   0.0 |       0 |      28 |   0.0 |  2057
           D:5 |       0 |     572 |   0.0 |       0 |      15 |   0.0 |   830
           D:6 |       0 |    1186 |   0.0 |       0 |      18 |   0.0 |   699
           D:7 |       0 |    1194 |   0.0 |       0 |      27 |   0.0 |  1162
           D:8 |       0 |    4354 |   0.0 |       0 |      37 |   0.0 |  2017
           D:9 |       0 |    3032 |   0.0 |       0 |      32 |   0.0 |  1253
          D:10 |       0 |    3270 |   0.0 |       0 |      27 |   0.0 |  1539
          D:11 |       0 |    3510 |   0.0 |       0 |      26 |   0.0 |   919
        Lair:1 |       0 |     351 |   0.0 |       0 |       1 |   0.0 |    48
               +---------+---------+-------+---------+---------+-------+---------
